 Dungeon Crawl Stone Soup version 0.31-a0-161-gb58dd9be76 (webtiles) character file.

Game seed: 10797954241741433267

27699 yolmi the Severer (level 13, 0/123 HPs)
             Began as a Minotaur Berserker on June 7, 2023.
             Was the Champion of Trog.
             Slain by a nine-headed hydra (5 damage)
             ... on level 4 of the Lair of Beasts on June 12, 2023.
             The game lasted 02:23:44 (10251 turns).

yolmi the Severer (Minotaur Berserker)             Turns: 10251, Time: 02:23:45

Health: 0/123      AC: 22    Str: 25    XL:     13   Next: 5%
Magic:  12/12      EV:  8    Int:  6    God:    Trog [******]
Gold:   1020       SH:  5    Dex: 10    Spells: 12/12 levels left

rFire   . . .        C - +0 war axe (heavy)
rCold   . . .        (no shield)
rNeg    . . .        m - +5 plate armour {rPois}
rPois   +            (helmet restricted)
rElec   .            H - +0 cloak
rCorr   +            (no gloves)
SInv    .            (no boots)
Will    .....        k - amulet of reflection Stlth
                     l - +4 ring of slaying
HPRegen 0.40/turn    v - ring of resist corrosion
MPRegen 0.13/turn

%: reflection
@: no status effects
A: horns 2, retaliatory headbutt
a: Renounce Religion, Berserk, Trog's Hand, Brothers in Arms


You were on level 4 of the Lair of Beasts.
You worshipped Trog.
Trog was exalted by your worship.
You visited 3 branches of the dungeon, and saw 15 of its levels.
You also visited: Ossuary and Volcano.

You collected 1020 gold pieces.

Inventory:

Hand Weapons
 a - a +1 hand axe
 f - a +1 dagger of speed
 i - a +2 vampiric short sword
 n - a +0 mace
 w - a +2 dagger of electrocution
 y - a +1 falchion of holy wrath
 C - a +0 heavy war axe (weapon)
 O - a +1 war axe of electrocution
 T - a +4 dagger of flaming
 U - a +2 short sword of venom
Missiles
 d - 2 throwing nets
 x - 6 javelins (quivered)
 B - 94 poisoned darts
 I - 3 curare-tipped darts
 N - 15 boomerangs
Armour
 m - a +5 plate armour of poison resistance (worn)
 A - a +0 pair of gloves
 H - a +0 cloak (worn)
 R - +0 acid dragon scales
Jewellery
 k - an amulet of reflection (around neck)
 l - a +4 ring of slaying (left hand)
 v - a ring of resist corrosion (right hand)
 G - a ring of fire
 Q - an amulet of guardian spirit
Wands
 K - a wand of polymorph (5)
 P - a wand of paralysis (5)
 V - a wand of roots (10)
 Z - a wand of acid (3)
Scrolls
 b - a scroll of summoning
 o - a scroll of immolation
 r - a scroll of poison
 s - 4 scrolls of enchant weapon
 t - 2 scrolls of revelation
 u - a scroll of fog
 D - 6 scrolls of teleportation
 F - 2 scrolls of fear
 J - 3 scrolls of blinking
 L - a scroll of identify
 S - a scroll of brand weapon
 W - a scroll of torment {unknown}
Potions
 c - 2 potions of invisibility
 e - a potion of resistance {unknown}
 g - 3 potions of haste
 h - 5 potions of curing
 j - 4 potions of mutation
 p - 3 potions of might
 q - a potion of experience {unknown}
 z - 3 potions of ambrosia
 E - 2 potions of cancellation {unknown}
 Y - a potion of brilliance {unknown}


   Skills:
 * Level 13.7 Fighting
 * Level 18.0 Axes
 + Level 1.5 Throwing
 * Level 12.6 Armour
 + Level 3.1 Dodging
 + Level 0.3 Stealth
 + Level 4.4 Shields
 * Level 3.3 Evocations


You had 12 spell levels left.
You didn't know any spells.
Your spell library was empty.

Dungeon Overview and Level Annotations

Branches:
Dungeon (10/15)            Temple (1/1) D:4            Lair (4/5) D:10
  Swamp (0/4) Lair:3       Spider (0/4) Lair:2          Orc (0/2) D:9
Ossuary (visited)         Volcano (visited)
  Slime: Lair:4-5

Altars:
Ashenzari
Cheibriados
Dithmenos
Elyvilon
Fedhas
Gozag
Hepliaklqana
Makhleb
Nemelex Xobeh
Okawaru
Qazlal
Ru
Sif Muna
Trog
Uskayaw
Wu Jian
Zin
The Shining One

Shops:
D:4 :


Innate Abilities, Weirdness & Mutations

You have a pair of horns on your head.
You reflexively headbutt those who attack you in melee.


Message History

You feel much better.
The nine-headed hydra completely misses you.
You furiously retaliate!
You headbutt the nine-headed hydra!
The nine-headed hydra closely misses you.
The nine-headed hydra barely misses you.
The nine-headed hydra bites you but does no damage. x3
The nine-headed hydra bites you!
* * * LOW HITPOINT WARNING * * *
The nine-headed hydra bites you but does no damage. x2
The yak barely misses you. The yak gores you!
* * * LOW HITPOINT WARNING * * *
The yak gores the plant.
The cane toad stings you.
* * * LOW HITPOINT WARNING * * *
The nine-headed hydra attacks as you move away!
You block the nine-headed hydra's attack.
The nine-headed hydra bites you but does no damage. x3
The nine-headed hydra closely misses you.
The nine-headed hydra bites you but does no damage. x2
The nine-headed hydra bites you.
* * * LOW HITPOINT WARNING * * *
The nine-headed hydra bites you.
* * * LOW HITPOINT WARNING * * *
The yak gores the plant!
A nearby plant withers and dies.
The nine-headed hydra barely misses you.
The nine-headed hydra bites you.
* * * LOW HITPOINT WARNING * * *
You block the nine-headed hydra's attack.
The nine-headed hydra bites you!
* * * LOW HITPOINT WARNING * * *
The nine-headed hydra bites you but does no damage. x3
You block the nine-headed hydra's attack.
The nine-headed hydra closely misses you.
You feel better. The yak gores you but does no damage.
The cane toad stings you but does no damage.
The nine-headed hydra bites you!
* * * LOW HITPOINT WARNING * * *
The nine-headed hydra bites you but does no damage. x2
The nine-headed hydra bites you.
You die...

.....# ......#####
..........#
......#... .........
.P......########
.......YY##.<.P# .♣
....P#YDY#8..†.♣ ♣..
....PP.F@#P...P#~S..
....P....'...P~♣~~..
##...#...'...~~#S~..
#..###P..'...P~#~~..
##. ###.#....P#~P..
# #.#♣....# ...
#.##♣..♣# ... ###
#++♣


You could see a nine-headed hydra, 4 yaks and a cane toad.

Vanquished Creatures
  A catoblepas (Lair:2)
  A boulder beetle (Lair:2)
  2 two-headed ogres
  A salamander (Volcano)
  6 elephants
  2 black mambas
  An unseen horror (D:10)
  10 cane toads
  A kobold demonologist (D:10)
  9 komodo dragons
  2 polar bears
  A troll (D:9)
  A hornet (Lair:4)
  Prince Ribbit (D:6)
  8 blink frogs
  Sigmund (D:6)
  A jumping spider (Lair:2)
  8 wyverns
  2 wraiths
  A culicivora (Lair:2)
  25 yaks
  A fire bat (Volcano)
  3 steam dragons
  5 vampire mosquitoes (Lair:3)
  2 basilisks
  An acid dragon (D:9)
  5 water moccasins
  2 black bears
  A sky beast (D:6)
  2 ice beasts (D:6)
  5 orc warriors
  6 ogres
  5 wolves (Lair:1)
  7 centaurs
  A phantom (D:7)
  20 kobold brigands
  Blork the orc (D:6)
  2 gnoll sergeants
  5 bullfrogs
  2 scorpions
  9 wights
  5 killer bees
  2 electric eels
  4 howler monkeys
  3 centaur zombies (Ossuary)
  3 hounds
  5 orc priests
  2 jellies
  A sleepcap (D:6)
  2 iguanas
  12 orc wizards
  4 mummies (Ossuary)
  27 gnolls
  3 adders
  2 shadow imps
  A white imp (D:6)
  2 ufetubi (D:4)
  2 worms
  57 orcs
  4 ball pythons (D:1)
  4 bats
  7 endoplasms
  5 giant cockroaches
  6 goblins
  11 hobgoblins
  2 jackals
  19 kobolds
  6 quokkas
  4 frilled lizards
  3 hobgoblin zombies (Ossuary)
  3 rats
381 creatures vanquished.

Vanquished Creatures (others)
  A kobold brigand (D:10)
1 creature vanquished.

Grand Total: 382 creatures vanquished

Notes
Turn   | Place    | Note
-------+----------+-------------------------------------------
     0 | D:1      | yolmi the Minotaur Berserker began the quest for the Orb.
     0 | D:1      | Reached XP level 1. HP: 19/19 MP: 0/0
   100 | D:1      | Reached skill level 4 in Axes
   100 | D:1      | Reached XP level 2. HP: 24/27 MP: 1/1
   495 | D:1      | Upgraded the game from 0.31-a0-149-g3fdcc5976a to
                  | 0.31-a0-150-g89dc3ad700
   772 | D:2      | Reached XP level 3. HP: 34/34 MP: 2/2
   804 | D:2      | Reached ** piety under Trog
   928 | D:2      | Upgraded the game from 0.31-a0-150-g89dc3ad700 to
                  | 0.31-a0-152-g6aa68a64a1
  1249 | D:3      | Reached XP level 4. HP: 41/41 MP: 3/3
  1354 | D:3      | Reached skill level 5 in Axes
  1360 | D:3      | Reached skill level 5 in Fighting
  1362 | D:3      | Reached XP level 5. HP: 46/48 MP: 4/4
  1566 | D:3      | Reached *** piety under Trog
  1788 | D:4      | Found a staircase to the Ecumenical Temple.
  1807 | D:4      | Reached XP level 6. HP: 25/57 MP: 5/5
  1823 | Temple   | Entered the Ecumenical Temple
  2074 | D:4      | Reached skill level 6 in Axes
  2261 | D:4      | Found Pyhy's Book Shoppe.
  2275 | D:4      | Reached skill level 7 in Axes
  2442 | D:5      | Entered Level 5 of the Dungeon
  2494 | D:5      | Reached XP level 7. HP: 63/63 MP: 6/6
  3229 | D:6      | Reached skill level 8 in Axes
  3312 | D:6      | Identified the +1 bardiche of the Shrieking God {freeze,
                  | rC+ Int+2 SInv}
  3378 | D:6      | Reached skill level 1 in Shields
  3443 | D:6      | Identified the +0 flail "Buasoh" {drain, rElec Int+3}
  3449 | D:6      | Found a sand-covered staircase.
  3463 | Ossuary  | Entered an ossuary
  3469 | Ossuary  | Reached XP level 8. HP: 70/73 MP: 7/7
  3477 | Ossuary  | Reached skill level 5 in Armour
  3480 | Ossuary  | Reached skill level 9 in Axes
  3481 | Ossuary  | Reached **** piety under Trog
  3728 | D:6      | Noticed Prince Ribbit
  3750 | D:6      | Killed Prince Ribbit
  3764 | D:6      | Reached skill level 10 in Axes
  3822 | D:6      | Noticed Sigmund
  3932 | D:6      | Killed Sigmund
  3960 | D:6      | Noticed a two-headed ogre
  3966 | D:6      | Killed a two-headed ogre
  3967 | D:6      | Reached skill level 11 in Axes
  3967 | D:6      | Reached XP level 9. HP: 70/81 MP: 8/8
  4040 | D:6      | Noticed Blork the orc
  4046 | D:6      | Killed Blork the orc
  4257 | D:7      | Upgraded the game from 0.31-a0-152-g6aa68a64a1 to
                  | 0.31-a0-161-gb58dd9be76
  4304 | D:7      | Found a hide-covered altar of Uskayaw.
  4344 | D:7      | Reached skill level 12 in Axes
  4454 | D:7      | Found a shimmering blue altar of Sif Muna.
  4468 | D:7      | Found an ornate altar of the Wu Jian Council.
  4780 | D:8      | Reached skill level 13 in Axes
  4868 | D:8      | Reached XP level 10. HP: 76/90 MP: 9/9
  5066 | D:8      | Reached ***** piety under Trog
  5249 | D:8      | Reached skill level 14 in Axes
  5424 | D:9      | Reached skill level 10 in Fighting
  5683 | D:9      | Reached skill level 15 in Axes
  5693 | D:9      | Reached XP level 11. HP: 90/101 MP: 10/10
  5734 | D:9      | Found a stormy altar of Qazlal.
  5767 | D:9      | Found a staircase to the Orcish Mines.
  6111 | D:10     | Entered Level 10 of the Dungeon
  6211 | D:10     | Received a gift from Trog
  6238 | D:10     | Reached skill level 16 in Axes
  6251 | D:10     | Reached ****** piety under Trog
  6709 | D:10     | Identified the +6 arbalest of Amorality {heavy, Str+7
                  | Dex-3}
  7088 | D:10     | Identified the +3 leather armour of Responsibility {Will++
                  | Stlth-}
  7122 | D:10     | Found a staircase to the Lair.
  7131 | Lair:1   | Entered Level 1 of the Lair of Beasts
  7227 | D:10     | Reached skill level 1 in Evocations
  7315 | Lair:1   | Reached skill level 10 in Armour
  7320 | Lair:1   | Reached XP level 12. HP: 32/112 MP: 11/11
  7675 | Lair:1   | Reached skill level 17 in Axes
  8219 | Lair:1   | Reached skill level 1 in Throwing
  8469 | Lair:2   | Noticed a boulder beetle
  8484 | Lair:2   | Killed a boulder beetle
  8536 | Lair:2   | Noticed a catoblepas
  8544 | Lair:2   | Killed a catoblepas
  8574 | Lair:2   | Found a dark tunnel.
  8700 | Volcano  | Entered a volcano
  8730 | Volcano  | Noticed a two-headed ogre
  8734 | Volcano  | Killed a two-headed ogre
  9368 | Lair:2   | Found a hole to the Spider Nest.
  9573 | Lair:3   | Reached skill level 18 in Axes
  9835 | Lair:3   | Found a staircase to the Swamp.
  9848 | Lair:3   | Reached XP level 13. HP: 60/123 MP: 12/12
 10250 | Lair:4   | HP: 2/123 [nine-headed hydra (10)]
 10251 | Lair:4   | Slain by a nine-headed hydra

Illustrated notes

Levels and vault maps discovered:
D:1:      saegor_arrival_simple_b, layout_basic, minmay_vboxes
D:2:      layout_rooms, chequers_serial_rivers_micro_a, minmay_pentomino_o4,
          uniq_crazy_yiuf_cottage
D:3:      minmay_octagon_keep, layout_basic, minmay_door_square,
          chequers_serial_rivers_small_a, cheibrodos_gnoll_hut
D:4:      layout_basic, minmay_temple_entry_ruins, serial_shops,
          nicolae_book_shop_shelving
D:5:      layout_loops_ring
D:6:      layout_basic, nicolae_ossuary_entry_monument, uniq_prince_ribbit1,
          uniq_sigmund, uniq_blork_the_orc
D:7:      layout_basic, mainiacjoe_overflow_tiny_flanked,
          nicolae_overflow_squiral
D:8:      layout_rooms, st_stairs_12, minivault_4, wad_floor_pattern_2,
          feat_on_display
D:9:      layout_basic, grunt_qazlal_clouds,
          kennysheep_orc_monster_closet_entryway, minmay_diced_spiral
D:10:     layout_roguey [special_room_orc], lair_entry_dummy, special_room
          [special_room_kobold]
Temple:   dpeg_five_rooms_temple
Lair:1:   layout_big_grid, hibernation_bobbens, grunt_megastairs_5,
          serial_bayou_shore_a
Lair:2:   layout_regular_city, spider_nest_entry_funnel_web,
          nicolae_volcano_entry_two_sided
Lair:3:   layout_cave_pods, minmay_swamp_entry_swarm, lemuel_fruit_tree
Lair:4:   cheibrodos_lair_overgrown_chateau, layout_small_grid,
          serial_bayou_shore_b, lemuel_fruit_fields

Skill      XL: |  1  2  3  4  5  6  7  8  9 10 11 12 |
---------------+-------------------------------------+-----
Axes           | 4 5 7 8 11 13 15 16 18 | 18.0
Fighting       | 4 5 6 7 8 9 10 12 13 | 13.7
Armour         | 3 4 6 7 8 10 12 | 12.6
Shields        | 1 2 3 4 |  4.4
Dodging        | 3 |  3.1
Evocations     | 1 3 |  3.3
Throwing       | 1 |  1.5
Stealth        | |  0.3

Action                     |  1- 3 |  4- 6 |  7- 9 | 10-12 | 13-15 || total
---------------------------+-------+-------+-------+-------+-------++-------
  Melee: Hand axe          |    82 |    76 |       |       |       ||   158
         Headbutt          |    12 |    11 |    32 |   107 |       ||   162
         Punch             |     1 |       |     2 |     4 |       ||     7
         War axe           |       |    18 |   214 |   478 |    11 ||   721
         Dagger            |       |       |       |    12 |       ||    12
  Throw: Javelin           |       |     4 |     1 |     8 |       ||    13
 Invoke: Berserk           |       |       |     1 |       |       ||     1
    Use: Scroll            |    10 |       |     8 |     4 |     2 ||    24
         Potion            |       |     1 |     2 |     5 |     3 ||    11
 Armour: Animal skin       |     9 |       |       |       |       ||     9
         Ring mail         |     7 |       |       |       |       ||     7
         Scale mail        |     4 |     2 |       |       |       ||     6
         Plate armour      |       |    51 |   156 |   387 |    37 ||   631
  Dodge: Dodged            |    32 |    27 |    79 |   211 |    21 ||   370
  Block: Other             |     4 |    16 |    51 |    77 |    13 ||   161
         Reflection        |       |       |     3 |     5 |       ||     8

Table legend: (Time is in decaauts)
 A = Elapsed time spent in this place.
 B = Non-inter-level travel time spent in this place.
 C = Inter-level travel time spent in this place.
 D = Time resting spent in this place.
 E = Time spent auto-exploring this place.
 F = Levels seen in this place.
 G = Mean time per level.
                   A        B        C        D        E       F      G
               +--------+--------+--------+--------+--------+-----+--------+
         Total |  10207 |   3663 |   6544 |   1263 |      0 |  17 |  600.4 |
       Dungeon |   7327 |   2603 |   4724 |    924 |      0 |  10 |  732.7 |
        Temple |    167 |      7 |    160 |      0 |      0 |   1 |  167.0 |
          Lair |   2448 |    788 |   1660 |    339 |      0 |   4 |  612.0 |
       Ossuary |    181 |    181 |      0 |      0 |      0 |   1 |  181.0 |
       Volcano |     82 |     82 |      0 |      0 |      0 |   1 |   82.0 |
               +--------+--------+--------+--------+--------+-----+--------+

Top non-repeatable levels by time:
    D:10: 1374 daAuts
  Lair:2: 1106 daAuts
     D:9: 899 daAuts
     D:6: 793 daAuts
     D:1: 768 daAuts
     D:5: 711 daAuts
  Lair:1: 700 daAuts
     D:7: 647 daAuts
     D:8: 614 daAuts
     D:3: 611 daAuts
  Lair:3: 608 daAuts
     D:4: 546 daAuts
     D:2: 360 daAuts
 Ossuary: 181 daAuts
  Temple: 167 daAuts
